Map: Honorgrounds LE

Players

Fropez - Winner!

  • Race: Protoss Protoss
  • League: Gold
  • Spawn Location: 5:00

SLeeP

  • Race: Terran Terran
  • League: Gold
  • Spawn Location: 11:00

VOD

Have the link to the VOD?

Description

Time

  • Played on: Jan. 24, 2017, 5:26 p.m.
  • Length: 12:26
Show
View Real Time Build Order
Export as new Build Order

Fropez Protoss - Winner!

Build Orders:  

Get SALT Encoding   

  12  0:01  Probe (Chrono Boost)  
  13  0:11  Probe (Chrono Boost)  
  14  0:25  Probe (Chrono Boost)  
  14  0:27  Pylon  
  15  0:41  Assimilator  
  15  0:46  Probe (Chrono Boost)  
  16  0:56  Probe (Chrono Boost)  
  17  1:07  Probe (Chrono Boost)  
  17  1:09  Gateway  
  18  1:12  Gateway  
  18  1:15  Pylon  
  18  1:17  Probe (Chrono Boost)  
  19  1:28  Probe (Chrono Boost)  
  20  1:45  Nexus  
  20  1:51  Assimilator  
  20  1:53  Probe (Chrono Boost)  
  21  2:02  Cybernetics Core  
  20  2:28  Warp Gate  
  21  2:30  Probe (Chrono Boost)  
  21  2:34  Pylon  
  21  2:43  Adept, Mothership Core (Chrono Boost)  
  25  2:45  Adept  
  25  2:49  Assimilator  
  27  3:02  Probe (Chrono Boost)  
  27  3:03  Probe (Chrono Boost)  
  29  3:10  Adept  
  29  3:12  Probe (Chrono Boost)  
  32  3:13  Adept  
  34  3:22  Probe (Chrono Boost)  
  34  3:23  Probe (Chrono Boost)  
  37  3:34  Probe (Chrono Boost)  
  37  3:36  Probe (Chrono Boost)  
  37  3:37  Adept  
  37  3:40  Adept  
  42  3:47  Twilight Council  
  42  4:04  Pylon  
  42  4:12  Assimilator  
  42  4:17  Assimilator, Gateway x2  
  42  4:33  Resonating Glaives  
  40  4:52  Robotics Facility  
  40  4:54  Pylon  
  40  4:56  Pylon  
  40  5:06  Adept x2  
  44  5:13  Pylon  
  44  5:17  Pylon  
  44  5:19  Probe (Chrono Boost)  
  44  5:20  Probe (Chrono Boost)  
  46  5:23  Dark Shrine  
  46  5:37  Stalker  
  46  5:38  Stalker x3  
  54  5:43  Pylon  
  54  5:58  Probe (Chrono Boost)  
  54  5:59  Pylon  
  54  6:00  Probe (Chrono Boost)  
  56  6:04  Stalker x2  
  60  6:12  Warp Prism  
  62  6:29  Stalker x2  
  66  6:38  Pylon  
  66  6:45  Observer  
  67  6:47  Probe (Chrono Boost)  
  67  6:48  Probe (Chrono Boost)  
  67  6:49  Stalker  
  71  7:02  Dark Templar  
  71  7:04  Dark Templar  
  75  7:13  Gateway  
  76  7:16  Probe (Chrono Boost)  
  76  7:28  Dark Templar  
  76  7:29  Dark Templar  
  80  7:39  Gateway  
  80  7:43  Dark Templar  
  82  7:44  Dark Templar  
  76  8:16  Probe (Chrono Boost)  
  76  8:18  Probe (Chrono Boost)  
  76  8:33  Nexus  
  76  8:36  Assimilator  
  76  8:38  Assimilator  
  76  8:43  Pylon  
  76  8:44  Pylon  
  65  8:53  Adept x3  
  65  8:54  Adept x3  
  77  9:30  Dark Templar x4  
  77  9:31  Dark Templar x2  
  89  9:34  Warp Prism, Archon x2  
  89  9:35  Archon  
  89  10:04  Stalker x2  
  89  10:05  Stalker x3  
  99  10:19  Shadow Stride  
  99  10:40  Probe (Chrono Boost)  
  99  10:41  Probe (Chrono Boost)  
  99  10:42  Adept x4, Probe (Chrono Boost)  
  108  10:43  Adept  
  112  10:54  Probe (Chrono Boost)  
  103  11:16  Probe (Chrono Boost)  
  103  11:18  Probe x2 (Chrono Boost)  
  106  11:24  Forge  
  106  11:25  Forge  
  106  11:33  Pylon  
  106  11:37  Pylon  
  106  11:51  Adept x5  
  106  11:52  Adept  
  118  11:56  Gateway  
  118  11:58  Gateway  
  118  12:01  Gateway  
Show
View Real Time Build Order
Export as new Build Order

SLeeP Terran 

Build Orders: Mech 

Get SALT Encoding   

  12  0:02  SCV  
  14  0:14  SCV  
  14  0:26  SCV  
  15  0:31  Supply Depot  
  15  0:45  Refinery  
  15  0:53  SCV  
  15  0:56  Barracks  
  16  1:05  SCV  
  17  1:17  SCV  
  18  1:29  SCV  
  19  1:39  Refinery  
  19  1:46  Supply Depot  
  20  1:49  Orbital Command  
  19  1:54  Barracks Reactor  
  19  2:17  SCV  
  19  2:29  SCV  
  20  2:32  Marine x2  
  22  2:44  Factory  
  22  2:45  SCV, Factory  
  23  2:53  Marine x2  
  25  3:05  Engineering Bay  
  25  3:12  SCV  
  26  3:24  SCV  
  27  3:30  Factory Tech Lab  
  28  3:41  SCV  
  28  3:42  Missile Turret  
  28  3:49  Infernal Pre-Igniter  
  28  3:51  Hellion  
  28  3:55  SCV  
  30  4:00  Supply Depot  
  30  4:14  Armory  
  30  4:19  SCV  
  30  4:21  Cyclone x2  
  30  4:22  Hellion  
  34  4:47  Bunker  
  32  5:02  Cyclone x2  
  38  5:10  SCV  
  39  5:17  Supply Depot  
  39  5:19  Barracks Reactor  
  39  5:24  Missile Turret  
  39  5:34  Starport  
  39  5:39  SCV  
  40  5:51  Siege Tank  
  40  5:53  Hellion x2  
  40  5:54  SCV  
  46  6:07  Command Center  
  46  6:12  SCV  
  47  6:52  Supply Depot  
  47  6:58  Supply Depot  
  47  7:13  SCV, Medivac x2  
  47  7:14  Hellion  
  54  7:19  Siege Tank, Hellion  
  59  7:26  Liberator x2  
  59  7:28  Orbital Command  
  59  7:30  Missile Turret  
  59  7:38  Factory  
  59  7:43  Missile Turret  
  65  7:45  SCV  
  66  7:57  SCV  
  64  8:19  Missile Turret  
  64  8:21  Missile Turret  
  64  8:24  Missile Turret  
  64  8:26  SCV x2  
  66  8:29  Factory Reactor  
  66  8:38  SCV x2  
  68  8:49  Cyclone x2  
  68  8:50  SCV  
  68  8:51  Siege Tank  
  78  8:58  Missile Turret  
  78  9:04  Missile Turret  
  78  9:07  Supply Depot  
  78  9:29  SCV, Command Center  
  79  9:34  Refinery  
  79  9:39  Refinery  
  79  9:41  SCV  
  80  9:53  SCV  
  78  10:09  Cyclone x2  
  84  10:27  Cyclone  
  84  10:41  Cyclone  
  87  10:44  Raven  
  89  10:50  Missile Turret x2  
  49  11:11  Orbital Command  
  49  11:16  Hellion x3  
  49  11:17  Hellion x3  
  61  11:27  Missile Turret  
  61  11:29  SCV  
  62  11:41  SCV  
  62  11:46  Supply Depot  
  63  11:53  SCV  
Tags
 
Composition
Mech
League
GoldGold
Matchup
PvT
Replay Pack
All Mines
Spawn Locations
Cross Positions
Add a new tag
Caveats
  • Supply blocks, unpowered buildings, or Contaminate may cause inaccurate times.
  • Supply counts are checked every 10 seconds.